 Dungeon Crawl Stone Soup version 0.27-a0-1591-gc56fcc985a (webtiles) character file.

Game seed: 18441524478410677945

39 quinnr the Gusty (level 3, -4/19 HPs)
             Began as a Tengu Air Elementalist on July 19, 2021.
             Slain by a worm (10 damage)
             ... on level 2 of the Dungeon.
             The game lasted 00:03:55 (1829 turns).

quinnr the Gusty (Tengu Air Elementalist)           Turns: 1829, Time: 00:03:56

Health: -4/19      AC:  2    Str:  8    XL:     3   Next: 47%
Magic:  1/7        EV: 12    Int: 16    God:
Gold:   34         SH:  0    Dex: 14    Spells: 5/6 levels left

rFire    . . .     SeeInvis .   (no weapon)
rCold    . . .     Faith    .   (no shield)
rNeg     . . .     Spirit   .   a - +0 robe
rPois    .         Reflect  .   (helmet restricted)
rElec    .         Harm     .   (no cloak)
rCorr    .         Rampage  .   (no gloves)
Will     .....                  (boots unavailable)
Stlth    ++........             (no amulet)
HPRegen  0.06/turn              (no ring)
MPRegen  0.10/turn              (no ring)

@: no status effects
A: beak, talons 3
a: no special abilities


You were on level 2 of the Dungeon.
You visited 1 branch of the dungeon, and saw 2 of its levels.

You collected 34 gold pieces.

Inventory:

Armour
 a - a +0 robe (worn)
Scrolls
 b - a scroll of fear {unknown}
 c - a scroll of enchant armour {unknown}
 d - 2 scrolls of identify {unknown}
 f - a scroll of teleportation {unknown}
Potions
 e - 2 potions of heal wounds {unknown}
 g - a potion of curing {unknown}
 h - a potion of flight {unknown}


   Skills:
 - Level 2.1 Dodging
 - Level 2.0 Stealth
 - Level 2.0 Spellcasting
 - Level 1.3 Conjurations
 + Level 5.9 Air Magic


You had 5 spell levels left.
You knew the following spells:

 Your Spells              Type           Power      Damage    Failure   Level
a - Shock                 Conj/Air       52%        1d6       4%          1

Your spell library contained the following spells:

 Spells                   Type           Power      Damage    Failure   Level
 Swiftness                Air            20%        N/A       5%          3
 Static Discharge         Conj/Air       13%        N/A       7%          2
 Airstrike                Air            10%        N/A       19%         4


Dungeon Overview and Level Annotations

Branches:
Dungeon (2/15)

Altars:


Innate Abilities, Weirdness & Mutations

You have a beak for a mouth.
You have claws for feet.


Message History

A worm is nearby!
The zap misses the worm.
A worm is nearby!
The zap hits the worm.
The worm is severely wounded.
A worm is nearby!
You are too depleted to draw on your mana recklessly!
A worm is nearby!
You are too depleted to draw on your mana recklessly!
A worm is nearby!
The zap hits the worm.
The worm is severely wounded.
You are too depleted to draw on your mana recklessly!
You are too depleted to draw on your mana recklessly!
A worm is nearby!
You are too depleted to draw on your mana recklessly!
You are too depleted to draw on your mana recklessly!
The zap hits the worm.
The worm is moderately wounded.
You are too depleted to draw on your mana recklessly!
You are too depleted to draw on your mana recklessly!
You hit the worm but do no damage.
The worm is lightly wounded.
The worm barely misses you.
You barely miss the worm.
The worm is lightly wounded.
You hit the worm but do no damage.
The worm is lightly wounded.
The worm bites you!
Ouch! That really hurt!
You hit the worm. You peck the worm.
The worm is moderately wounded.
The worm bites you.
You barely miss the worm.
The worm is lightly wounded.
You hit the worm.
The worm is moderately wounded.
The worm bites you!
Ouch! That really hurt!
You die...

#.# ##.###.# #w#
##.#.##.# ######
#.###.###.#.# ......
#.##.## ##..# ######
#...## ##.# #######
####.##
##.#######......
##.###.<........#####
##w#.###########
##@## ###


You could see a worm.

Vanquished Creatures
  A worm (D:2)
  A dart slug (D:2)
  A ball python (D:2)
  A bat (D:2)
  5 endoplasms
  4 giant cockroaches
  2 goblins (D:1)
  2 hobgoblins (D:1)
  4 jackals (D:2)
  2 kobolds
  A quokka (D:2)
  4 frilled lizards
  A rat (D:1)
29 creatures vanquished.

Notes
Turn   | Place    | Note
-------+----------+-------------------------------------------
     0 | D:1      | quinnr the Tengu Air Elementalist began the quest for the
                  | Orb.
     0 | D:1      | Reached XP level 1. HP: 10/10 MP: 4/4
   373 | D:1      | Reached XP level 2. HP: 15/15 MP: 1/6
   547 | D:1      | Reached skill level 5 in Air Magic
  1065 | D:2      | Upgraded the game from 0.27-a0-1590-g15f69828bf to
                  | 0.27-a0-1591-gc56fcc985a
  1366 | D:2      | Reached XP level 3. HP: 19/19 MP: 5/7
  1609 | D:2      | Found Vepenkue's Jewellery Shoppe.
  1609 | D:2      | Found a faded altar of an unknown god.
  1829 | D:2      | Slain by a worm

Illustrated notes

Levels and vault maps discovered:
D:1:      eino_arrival_cavern_c, layout_loops_ring, serial_glass,
          glass_columns_a, glass_columns_b, glass_columns_c, glass_columns_c,
          glass_columns_c, glass_columns_b
D:2:      layout_loops_ring, ebering_ecumenical_altar_sacrificial, serial_shops,
          shop

Skill      XL: |  1  2 |
---------------+-------+-----
Air Magic      | 5 |  5.9
Dodging        | |  2.1
Stealth        | |  2.0
Spellcasting   | |  2.0
Conjurations   | |  1.3

Action                   || total
-------------------------++-------
Melee: Unarmed           ||    10
       Kick              ||     2
       Peck              ||     1
 Cast: Shock             ||    76
Armor: Robe              ||     6
Dodge: Dodged            ||     8

Table legend: (Time is in decaauts)
 A = Elapsed time spent in this place.
 B = Non-inter-level travel time spent in this place.
 C = Inter-level travel time spent in this place.
 D = Time resting spent in this place.
 E = Time spent auto-exploring this place.
 F = Levels seen in this place.
 G = Mean time per level.
                   A        B        C        D        E       F      G
               +--------+--------+--------+--------+--------+-----+--------+
         Total |   1828 |   1804 |     24 |     67 |   1546 |   2 |  914.0 |
       Dungeon |   1828 |   1804 |     24 |     67 |   1546 |   2 |  914.0 |
               +--------+--------+--------+--------+--------+-----+--------+

Top non-repeatable levels by time:
     D:1: 977 daAuts
     D:2: 851 daAuts
